 Dungeon Crawl Stone Soup version 0.30.1-9-gdf580d7c3d (webtiles) character file.

Game seed: 229286875511871397

2753 Anriel the Magician (level 9, 0/62 HPs)
             Began as a Demigod Conjurer on Oct 3, 2023.
             Slain by a vampire (7 damage)
             ... on level 7 of the Dungeon.
             The game lasted 00:38:47 (6980 turns).

Anriel the Magician (Demigod Conjurer)              Turns: 6980, Time: 00:38:48

Health: 0/62       AC:  4    Str:  8    XL:     9   Next: 18%
Magic:  3/20       EV: 13    Int: 32    God:
Gold:   380        SH:  0    Dex: 12    Spells: 11/18 levels left

rFire   . . .        n - +3 rapier (speed)
rCold   . . .        (no shield)
rNeg    + . .        k - +2 robe {rN+}
rPois   +            (no helmet)
rElec   .            (no cloak)
rCorr   .            (no gloves)
SInv    .            (no boots)
Will    .....        (no amulet)
Stlth   +++          g - ring of poison resistance
HPRegen 0.30/turn    (no ring)
MPRegen 0.17/turn

%: no passive effects
@: mighty, very slightly contaminated
A: high MP 1, forlorn, divine attributes
a: no special abilities


You were on level 7 of the Dungeon.
You visited 2 branches of the dungeon, and saw 8 of its levels.

You collected 380 gold pieces.

Inventory:

Hand Weapons
 l - the +6 spear "Wuedos" {spect, *Slow Str-3 Dex+10 SInv}
   (You found it on level 3 of the Dungeon)

   Str:       It affects your strength (-3).
   Dex:       It affects your dexterity (+10).
   SInv:      It lets you see invisible.
   *Slow:     It may slow you when you take damage.
 n - a +3 rapier of speed (weapon)
Armour
 k - a +2 robe of positive energy (worn)
Magical Staves
 i - a staff of conjuration
 u - a staff of cold
Jewellery
 g - a ring of poison resistance (left hand)
Wands
 v - a wand of paralysis (2)
Scrolls
 c - 6 scrolls of magic mapping
 h - 3 scrolls of fog
 o - 4 scrolls of blinking
 r - a scroll of amnesia
 s - 2 scrolls of teleportation
 x - a scroll of vulnerability {unknown}
Potions
 a - a potion of cancellation {unknown}
 b - a potion of mutation {unknown}
 d - 5 potions of ambrosia
 e - a potion of lignification
 j - a potion of curing
 m - a potion of berserk rage {unknown}
 p - 2 potions of invisibility
 q - 2 potions of brilliance
 t - a potion of might
 w - a potion of resistance {unknown}


   Skills:
 * Level 3.5 Short Blades
 - Level 5.0 Dodging
 - Level 5.0 Stealth
 - Level 5.2 Spellcasting
 - Level 5.0 Conjurations
 + Level 1.0 Hexes
 + Level 3.4 Translocations
 - Level 5.0 Evocations


You had 11 spell levels left.
You knew the following spells:

 Your Spells              Type           Power      Damage    Failure   Level
a - Magic Dart            Conj           100%       1d8       1%          1
b - Searing Ray           Conj           80%        2d7       1%          2
c - Iskenderun's Mystic   Conj/Tloc      35%        2d8       9%          4

Your spell library contained the following spells:

 Spells                   Type           Power      Damage    Failure   Level
 Dazzling Flash           Conj/Hex       54%        N/A       4%          3
 Fulminant Prism          Conj/Hex       13%        3d8       14%         4
 Leda's Liquefaction      Hex/Erth       5%         N/A       38%         4
 Ice Form                 Ice/Tmut       8%         N/A       45%         4
 Alistair's Intoxication  Tmut/Pois      5%         N/A       80%         5
 Borgnjor's Vile Clutch   Necr/Erth      4%         N/A       80%         5
 Eringya's Noxious Bog    Tmut/Pois      4%         N/A       100%        6
 Shatter                  Erth           4%         3d7*      100%        9


Dungeon Overview and Level Annotations

Branches:
Dungeon (7/15)             Temple (1/1) D:6


Innate Abilities, Weirdness & Mutations

You have an increased reservoir of magic. (+10% MP)
You shall have no god before yourself.
Your divine heritage dramatically boosts your attributes as you level up.


Message History

The vampire draws strength from your injuries!
Casting: Iskenderun's Mystic Blast (dangerous; 9% risk of failure)
Confirm with . or Enter, or press ? or * to list all spells.
You don't have enough magic to cast this spell.
You feel much better. The vampire hits you. The vampire bites you!
The vampire draws strength from your injuries!
Okay, then.
You cannot move.
Okay, then.
Okay, then.
You feel very mighty all of a sudden. The vampire barely misses you.
The vampire bites you.
The vampire draws strength from your injuries!
Your hands tingle!
n - a +3 rapier of speed (weapon)
You puncture the vampire!
The vampire is moderately damaged.
You are no longer locked in place.
The vampire casts a spell at you.
You are confused.
You puncture the vampire!
The vampire is severely damaged.
The vampire hits you! The vampire bites you.
You bump into the rock wall.
The vampire casts a spell.
The vampire flickers and vanishes!
Deactivating autopickup; reactivate with Ctrl-A.
You bump into the rock wall.
Something barely misses you. Something bites you.
Something draws strength from your injuries!
You bump into the rock wall.
Something hits you! Something bites you!
* * * LOW HITPOINT WARNING * * *
Something draws strength from your injuries!
You feel much better. Something hits you. Something bites you!
Something draws strength from your injuries!
You bump into the rock wall.
You feel less confused. Something hits you!
* * * LOW HITPOINT WARNING * * *
Something bites you!
You die...

##...........##..#......
##........#.......#..####
#.........#..........# ##
#..##########........# #.
#.##.....................
#.#..##.#.#.#..........#.
#.#. #.#######.........#.
#.# ##.#.#.##.........##
### ##@#.###...........
####.#.....#... .. #.##
.##.##. ... #. .# .# ..
.. .. ### .. .#


There were no monsters in sight!

Vanquished Creatures
  Pikel (D:7)
  A vampire (D:7)
  Eustachio (D:5)
  A wyvern (D:5)
  Menkaure (D:7)
  An orc warrior (D:6)
  A sky beast (D:7)
  An ice beast (D:7)
  A black bear (D:7)
  2 phantoms
  A centaur (D:7)
  3 lemures (D:7)
  3 bullfrogs
  A scorpion (D:6)
  A jelly (D:4)
  6 hounds
  2 orc priests (D:4)
  2 gnoll boudas
  An iguana (D:4)
  A sleepcap (D:7)
  Natasha (thrice) (D:4)
  8 orc wizards
  9 gnolls
  3 adders
  A white imp (D:7)
  2 worms (D:2)
  3 dart slugs
  26 orcs
  9 bats
  10 endoplasms
  7 giant cockroaches
  5 goblins
  10 hobgoblins
  A jackal (D:1)
  6 kobolds
  4 quokkas
  7 ball pythons
  4 frilled lizards (D:1)
  10 rats
160 creatures vanquished.

Notes
Turn   | Place    | Note
-------+----------+-------------------------------------------
     0 | D:1      | Anriel the Demigod Conjurer began the quest for the Orb.
     0 | D:1      | Reached XP level 1. HP: 14/14 MP: 5/5
   293 | D:1      | Reached XP level 2. HP: 20/20 MP: 5/7
   319 | D:1      | Learned a level 2 spell: Searing Ray
  1057 | D:1      | Reached XP level 3. HP: 26/26 MP: 6/9
  1660 | D:2      | Reached XP level 4. HP: 6/33 MP: 3/11
  1970 | D:2      | Got the Compilation of Freezing and Geomancy
  1976 | D:2      | Learned a level 4 spell: Iskenderun's Mystic Blast
  2272 | D:3      | Identified the +6 spear "Wuedos" {spect, *Slow Str-3 Dex+10
                  | SInv}
  3174 | D:4      | Reached XP level 5. HP: 36/38 MP: 5/13
  3404 | D:4      | Noticed Natasha
  3408 | D:4      | Killed Natasha
  3676 | D:4      | Noticed Natasha
  3682 | D:4      | Killed Natasha
  3697 | D:4      | Reached XP level 6. HP: 45/45 MP: 7/15
  3851 | D:4      | Noticed Natasha
  3859 | D:4      | Killed Natasha
  4536 | D:5      | Entered Level 5 of the Dungeon
  4673 | D:5      | Noticed a wyvern
  4682 | D:5      | Killed a wyvern
  4683 | D:5      | Reached skill level 5 in Spellcasting
  4683 | D:5      | Reached XP level 7. HP: 23/50 MP: 6/18
  4942 | D:5      | Noticed Eustachio
  4954 | D:5      | Killed Eustachio
  5279 | D:6      | Reached skill level 5 in Stealth
  5368 | D:6      | Found a staircase to the Ecumenical Temple.
  5379 | Temple   | Entered the Ecumenical Temple
  5779 | D:6      | Reached XP level 8. HP: 54/57 MP: 15/19
  5783 | D:6      | Reached skill level 1 in Evocations
  5918 | D:6      | Reached skill level 5 in Conjurations
  6076 | D:6      | Reached skill level 5 in Dodging
  6273 | D:7      | Reached skill level 1 in Translocations
  6336 | D:7      | Noticed Pikel
  6356 | D:7      | Killed Pikel
  6589 | D:7      | Noticed Menkaure
  6592 | D:7      | Killed Menkaure
  6593 | D:7      | Reached XP level 9. HP: 50/62 MP: 6/20
  6694 | D:7      | Reached skill level 5 in Evocations
  6961 | D:7      | Reached skill level 1 in Hexes
  6980 | D:7      | Slain by a vampire

Illustrated notes

Levels and vault maps discovered:
D:1:      elethiomel_arrival_quiet, layout_loops_cross,
          ebering_ecumenical_altar_rust, st_stairs_5,
          minmay_misc_feat_four_crosses, minmay_liquid_box,
          serial_park_tiny_pond, hangedman_decor_lopped, minmay_three_crescents
D:2:      layout_loops_cross
D:3:      layout_rooms, nicolae_wu_jian_immortal_techniques,
          serial_co_window_serial, co_window_of_opportunity_a,
          co_window_of_opportunity_a, co_window_of_opportunity_a,
          co_window_paths_a, co_window_of_opportunity_a, co_window_corner_a,
          co_window_paths_a, co_window_broadway_a, co_window_corner_cb,
          co_window_unsneaky_path_b, co_window_4corner_a, co_window_4corner_b,
          glass_columns_a
D:4:      layout_layer_cave, mainiacjoe_overflow_boulevard, st_stairs_11,
          chequers_serial_rivers_micro_c, lightli_corner_chamber, uniq_natasha
D:5:      layout_cave_pools, uniq_eustachio
D:6:      layout_cave_pools, minmay_temple_entry_tees, chequers_decorated_corner
D:7:      layout_cave_pools, minmay_small_thing, uniq_pikel, uniq_menkaure
Temple:   mainiacjoe_temple_cubbyholes

Skill      XL: |  1  2  3  4  5  6  7  8  9 |
---------------+----------------------------+-----
Stealth        | 2 3 4 5 |  5.0
Spellcasting   | 2 3 4 5 |  5.2
Dodging        | 2 3 4 5 |  5.0
Conjurations   | 4 5 |  5.0
Evocations     | 4 5 |  5.0
Translocations | 3 |  3.4
Short Blades   | 2 3 |  3.5
Hexes          | 1 |  1.0

Action                     |  1- 3 |  4- 6 |  7- 9 || total
---------------------------+-------+-------+-------++-------
  Melee: Dagger            |     6 |       |       ||     6
         Staff             |     5 |     7 |     1 ||    13
         Rapier            |       |       |     8 ||     8
   Cast: Magic Dart        |    96 |   117 |    57 ||   270
         Searing Ray       |     4 |    10 |    31 ||    45
         Iskenderun's Myst |       |     1 |     4 ||     5
    Use: Scroll            |     5 |     9 |     4 ||    18
         Potion            |     2 |       |     5 ||     7
 Armour: Robe              |     9 |     4 |     7 ||    20
  Dodge: Dodged            |    10 |    17 |    48 ||    75
